 Dungeon Crawl Stone Soup version 0.26-a0-668-gd58323b419 (webtiles) character file.

Game seed: 12109518669005317155

228 grandjackal the Ducker (level 5, 32/41 HPs)
             Began as a Demonspawn Gladiator on Oct 18, 2020.
             Quit the game on level 4 of the Dungeon.
             The game lasted 00:03:13 (2566 turns).

grandjackal the Ducker (Demonspawn Gladiator)       Turns: 2566, Time: 00:03:14

Health: 32/41      AC: 13    Str: 16    XL:     5   Next: 70%
Magic:  5/5        EV:  6    Int:  9    God:
Gold:   138        SH:  0    Dex: 14    Spells: 4/4 levels left

rFire    . . .     SeeInvis .   a - +0 long sword
rCold    . . .     Faith    .   (no shield)
rNeg     . . .     Spirit   .   e - +0 plate armour (curse)
rPois    .         Reflect  .   c - +0 helmet
rElec    .         Harm     .   i - +0 cloak (curse)
rCorr    .         Rampage  .   (no gloves)
MR       +....                  (no boots)
Stlth    ..........             (no amulet)
HPRegen  0.13/turn              m - ring of protection from magic
MPRegen  0.09/turn              (no ring)

@: no status effects
A: claws 1, powered by pain 1, rot immunity, sanguine armour 1
a: no special abilities


You were on level 4 of the Dungeon.
You visited 1 branch of the dungeon, and saw 4 of its levels.

You collected 138 gold pieces.

Inventory:

Hand Weapons
 a - a +0 long sword (weapon)
Missiles
 d - 3 throwing nets (quivered)
Armour
 c - a +0 helmet (worn)
 e - a cursed +0 plate armour (worn)
 i - a cursed +0 cloak (worn)
Jewellery
 m - a ring of protection from magic (left claw)
Wands
 p - a wand of iceblast (11)
Scrolls
 b - 2 scrolls of identify {unknown}
 g - a scroll of enchant weapon {unknown}
 h - 2 scrolls of teleportation {unknown}
 k - a scroll of remove curse {unknown}
 l - a scroll of noise {unknown}
 o - a scroll of blinking {unknown}
 r - a scroll of fog {unknown}
Potions
 f - a potion of mutation {unknown}
 j - 5 potions of curing
 n - a potion of degeneration {unknown}
 q - a potion of lignification {unknown}


   Skills:
 + Level 3.4 Fighting
 + Level 3.7 Long Blades
 - Level 1.7 Throwing
 + Level 2.2 Armour
 + Level 3.7 Dodging


You had 4 spell levels left.
You didn't know any spells.
Your spell library was empty.

Dungeon Overview and Level Annotations

Branches:
Dungeon (4/15)
 Temple: D:4-7

Altars:
Gozag
Trog


Innate Abilities, Weirdness & Mutations

You have sharp fingernails.
You sometimes gain a little power by taking damage.
You are immune to rotting.
When seriously injured, your bleeding wounds create armour. (AC +0)


Message History

Reactivating autopickup.
You feel a bit more experienced.
You closely miss the orc. The orc hits you but does no damage.
You hit the orc but do no damage. The orc hits you but does no damage.
You barely miss the orc. The orc closely misses you.
You riposte.
Your plate armour prevents you from hitting the orc.
You hit the orc.
The orc is almost dead.
The orc hits you but does no damage. x2
You hit the orc.
You kill the orc!
The orc barely misses you.
You hit the orc.
The orc is severely wounded.
The orc hits you but does no damage.
You hit the orc.
You kill the orc!
j - 5 potions of curing (gained 1)
Items here: ( )) [[ ††.
Are you sure you want to abandon this character and quit the game? (Confirm with "yes".)

#............## #.#
#..........#.# #.#
#......#####.# #.#
#......# #.# #.#
###...######.####.#
...........(...>#
##+###.######
#.##########
#..)@......#
#####..###.# #...#
#..... #...###
#.... #..... #.....
###o..#


There were no monsters in sight!

Vanquished Creatures
  A big kobold (D:4)
  Crazy Yiuf (D:3)
  An orc wizard (D:4)
  Jessica (D:3)
  An adder (D:2)
  An ooze (D:2)
  A worm (D:2)
  A dart slug (D:1)
  A leopard gecko (D:1)
  4 orcs (D:4)
  2 giant cockroaches
  4 goblins
  9 hobgoblins
  A jackal (D:2)
  4 kobolds
  3 quokkas (D:3)
  7 bats
  6 frilled lizards
  4 rats
53 creatures vanquished.

Notes
Turn   | Place    | Note
-------+----------+-------------------------------------------
     0 | D:1      | grandjackal the Demonspawn Gladiator began the quest for
                  | the Orb.
     0 | D:1      | Reached XP level 1. HP: 16/16 MP: 1/1
   287 | D:1      | Gained mutation: You sometimes gain a little power by
                  | taking damage. [demonic ancestry]
   287 | D:1      | Reached XP level 2. HP: 22/22 MP: 2/2
  1110 | D:2      | Found an opulent altar of Gozag.
  1143 | D:2      | Gained mutation: You are immune to rotting. [demonic
                  | ancestry]
  1143 | D:2      | Reached XP level 3. HP: 24/28 MP: 3/3
  1277 | D:2      | Reached skill level 1 in Armour
  1816 | D:3      | Found a bloodstained altar of Trog.
  1900 | D:3      | Found a runed translucent door.
  1901 | D:3      | Noticed Crazy Yiuf
  1913 | D:3      | Killed Crazy Yiuf
  1913 | D:3      | Gained mutation: When seriously injured, your bleeding
                  | wounds create armour. (AC +0) [demonic ancestry]
  1913 | D:3      | Reached XP level 4. HP: 25/34 MP: 4/4
  2287 | D:3      | Noticed Jessica
  2307 | D:3      | Killed Jessica
  2524 | D:4      | Noticed a big kobold
  2550 | D:4      | Killed a big kobold
  2550 | D:4      | Gained mutation: You have sharp fingernails. [demonic
                  | ancestry]
  2550 | D:4      | Reached XP level 5. HP: 30/41 MP: 5/5
  2566 | D:4      | Quit the game

Illustrated notes

Levels and vault maps discovered:
D:1:      dpeg_arrival_rooms_b, layout_basic
D:2:      layout_rooms, grunt_gozag_breadcrumbs, chequers_serial_rivers_room_b,
          minmay_quadrilaterals
D:3:      layout_rooms, minmay_tree_intersection, trog_three_pillars_becter,
          uniq_crazy_yiuf_cottage, uniq_jessica
D:4:      layout_basic, kennysheep_mini, minmay_temple_entry_waves,
          grunt_ministairs_15

Skill      XL: |  1  2  3  4 |
---------------+-------------+-----
Long Blades    | 3 |  3.7
Dodging        | 3 |  3.7
Armour         | 1 2 |  2.2
Fighting       | 3 |  3.4
Throwing       | |  1.7

Action                   |  1- 3 |  4- 6 || total
-------------------------+-------+-------++-------
Melee: Long sword        |   143 |    56 ||   199
Armor: Plate armour      |   142 |    40 ||   182
Dodge: Dodged            |    55 |    12 ||    67
       Rpst.: Long sword |    16 |     7 ||    23

Table legend: (Time is in decaauts)
 A = Elapsed time spent in this place.
 B = Non-inter-level travel time spent in this place.
 C = Inter-level travel time spent in this place.
 D = Time resting spent in this place.
 E = Time spent auto-exploring this place.
 F = Levels seen in this place.
 G = Mean time per level.
                   A        B        C        D        E       F      G
               +--------+--------+--------+--------+--------+-----+--------+
         Total |   2614 |   2500 |    114 |    198 |   1769 |   4 |  653.5 |
       Dungeon |   2614 |   2500 |    114 |    198 |   1769 |   4 |  653.5 |
               +--------+--------+--------+--------+--------+-----+--------+

Top non-repeatable levels by time:
     D:1: 1073 daAuts
     D:3: 757 daAuts
     D:2: 690 daAuts
     D:4: 93 daAuts
